badnik, neutral male scurrid Ranger ------ ----- ----- ----- ----- ----- ----- ----- ----- ...(. ..... ..... ..... .../. ..... ..... ..... .....| ..... ..... ..... ..... ..... ..... ..... ..... .....| |.........................................!.............................. |.... q..... ..... ..... ..... ..... ..... ..... ..... |.... .@i... ..... ..... ..... ..... ..... ..... ..... |.........................................>.....................*........| | ............. ..... ..... ..... ..... ..... ..... .....| ............. ..... ..... ..... ..... ..... ..(.. .....| .........................?..............................................| |.... ..... ..... ..... ..... ..... ..... ..... ..... | |.... ..... ..... ..... ..... ..... ..... .*... ....+ |........................................................................ | ..... ..... ..... ..... ..... ..... .%... ..... .....| ..... ..... ..... ..... ..... ..... ..... ..?.. .....| ..... !.... ..... ..... ..... ..... ..... ..... .....| ------ ----- ----- ----- ----- ----- ----- ----- ----- badnik the Tenderfoot Experience level: 2 Strength: 16 Dexterity: 9 Constitution: 14 Intelligence: 14 Wisdom: 15 Charisma: 8 Health: 0(17) Energy: 11(11) Def: 3 Gold: 392 Moves: 85 Dungeon seed: NDDLPcdzEbReB-oB Game ID: badnik_1498610826 Your Inventory: Coins $ - 392 gold pieces Weapons b - 28 uncursed +2 darts c - 17 uncursed +0 darts Armor e - an uncursed +2 cloak of displacement (being worn) Comestibles d - 4 uncursed chestnuts Wands f - an uncursed wand of slow monster (0:3) Spells and supernatural/magical abilities: Name Level Category Fail Memory W - pray for help -- divine ? -- Your skills at the end: Miscellaneous Skills wands [Basic] Weapon Skills dart [Basic] Spellcasting Skills Final Attributes: You were fervently aligned. You had automatic searching. You had infravision. You were displaced. You were very stealthy. You were unlucky. You are dead. Vanquished creatures: a puppy Voluntary challenges: You went without food. You did not adorn yourself with jewelry or accessories. You did not cause conflict. You were not invisible. You did not have reflection. You were an atheist. You never hit with a wielded weapon. You did not use tools. You did not use plumbed fixtures. You did not drink any magical draughts. You were illiterate. You never genocided any monsters. You never polymorphed an object. You never changed form. You used no wishes. You never split a pudding. You never wrote Elbereth's name. You violated your moral code, losing 5 points of alignment, starting on turn 4. Dungeon overview: The Dungeons of Doom: levels 1 to 13 Level 1 a long staircase Level 2 Level 3 Level 4 an altar to Mercury Level 5 Level 6 Level 7 Level 8 Level 9 Level 10 Level 11 Level 12 a sink Level 13 <- You were here History has recorded: On T:1 you entered the Dungeons of Doom to retrieve the Amulet of Yendor! On T:4 you advanced to experience level 2. On T:12 you reached level 2 of The Dungeons of Doom. On T:18 you reached level 3 of The Dungeons of Doom. On T:24 you reached level 4 of The Dungeons of Doom. On T:29 you reached level 5 of The Dungeons of Doom. On T:40 you reached level 6 of The Dungeons of Doom. On T:45 you reached level 7 of The Dungeons of Doom. On T:49 you reached level 8 of The Dungeons of Doom. On T:55 you reached level 9 of The Dungeons of Doom. On T:68 you reached level 10 of The Dungeons of Doom. On T:72 you reached level 11 of The Dungeons of Doom. On T:76 you reached level 12 of The Dungeons of Doom. On T:81 you reached level 13 of The Dungeons of Doom. Score breakdown: Gold: 392 ( 39 points) Experience: 2 levels ( 100 points) Exploration: 13 levels ( 360 points) Discoveries: 0 items ( 0 points) Variety of kills: 1 monster ( 50 points) Major goal: (nothing yet) ( 0 points) Survival: died (score multiplied by 3) Total score: 1647 Latest messages: You continue digging downward. You dig a pit in the floor. You continue digging downward. You dig a hole through the floor. You fall through... That command is only available in debug mode. You start digging downward. You continue digging downward. You dig a pit in the floor. You are still in a pit. You continue digging downward. You dig a hole through the floor. You fall through... You start digging downward. You stop exploring. (2x) A titanothere blocks your way. You start digging downward. The titanothere claws you! You continue digging downward. You dig a pit in the floor. The titanothere claws you! You die... Final status: Goodbye badnik the Ranger, killed by a titanothere... You died in The Dungeons of Doom on dungeon level 13 with 1647 points, and 392 pieces of gold, after 85 moves. You were level 2 with a maximum of 17 hit points when you died.